 Dungeon Crawl Stone Soup version 0.23-a0-756-g517b432 (webtiles) character file.

3844 tatocazan the Fighter (level 10, -7/82 (84) HPs)
             Began as a Formicid Fighter on Jan 18, 2019.
             Was an Initiate of Gozag.
             Killed from afar by a starcursed mass (9 damage)
             ... with an accursed screaming
             ... on level 1 of the Abyss.
             The game lasted 00:18:26 (10832 turns).

tatocazan the Fighter (Formicid Fighter)           Turns: 10832, Time: 00:18:27

HP:   -7/82 (84)    AC: 12    Str: 24    XL:     10   Next: 41%
MP:   10/10         EV: 24    Int:  8    God:    Gozag
Gold: 945           SH: 11    Dex: 10    Spells: 9/9 levels left

rFire    . . .     SeeInvis +   G - +0 great sword
rCold    . . .     Gourm    .   c - +0 shield
rNeg     . . .     Faith    .   b - +0 scale mail
rPois    +         Spirit   .   (helmet unavailable)
rElec    .         Reflect  .   s - +0 cloak
rCorr    +         Harm     .   k - +1 pair of gloves
MR       +....                  i - +0 pair of boots
Stlth    ..........             H - amulet of the acrobat
HPRegen  0.00/turn              m - ring of resist corrosion
MPRegen  0.12/turn              J - ring of poison resistance

@: lethally poisoned (-7 -> -39), acrobat, non-regenerating, badly diseased
A: permanent stasis, dig shafts and tunnels, four strong arms, antennae 3
a: Dig, Shaft Self, Potion Petition, Call Merchant, Bribe Branch, Renounce
Religion


You were on level 1 of the Abyss.
You worshipped Gozag.
Gozag was pleased with you.
You were not hungry.

You visited 2 branches of the dungeon, and saw 11 of its levels.
You visited the Abyss 1 time.

You collected 984 gold pieces.
You paid 39 gold pieces to Gozag.

Inventory:

Hand Weapons
 a - a +0 long sword
 G - a +0 great sword (weapon)
Armour
 b - a +0 scale mail (worn)
 c - a +0 shield (worn)
 i - a +0 pair of boots (worn)
 k - a +1 pair of gloves (worn)
 s - a +0 cloak (worn)
Jewellery
 m - a ring of resist corrosion (left hand)
 H - an amulet of the acrobat (around neck)
 J - a ring of poison resistance (right hand)
Wands
 B - a wand of polymorph (13)
 C - a wand of paralysis (5)
 D - a wand of random effects (17)
 I - a wand of acid (1)
Scrolls
 e - 2 scrolls of amnesia
 j - 14 scrolls of identify
 l - 4 scrolls of remove curse
 n - 3 scrolls of fog {unknown}
 o - 3 scrolls of blinking {unknown}
 p - a scroll of enchant armour {unknown}
 t - 4 scrolls of teleportation {unknown}
 u - 2 scrolls of random uselessness {unknown}
 x - 5 scrolls of enchant weapon {unknown}
 y - 2 scrolls of magic mapping {unknown}
 E - a scroll of acquirement {unknown}
Potions
 d - a potion of might
 g - 2 potions of heal wounds
 h - 3 potions of lignification {unknown}
 q - a potion of berserk rage {unknown}
 r - 2 potions of flight {unknown}
 v - 3 potions of brilliance {unknown}
 w - a potion of mutation {unknown}
 z - a potion of resistance {unknown}
 A - 5 potions of curing {unknown}
 F - a potion of cancellation {unknown}


   Skills:
 * Level 9.7 Fighting
 * Level 8.6 Long Blades
 + Level 7.2 Armour
 + Level 7.9 Shields


You had 9 spell levels left.
You didn't know any spells.
Your spell library contained the following spells:

 Spells                   Type           Power        Failure   Level  Hunger
 Animate Skeleton         Necr           N/A          77%         1    ##.....
 Pain                     Necr           #...         77%         1    ##.....
 Regeneration             Chrm/Necr      #.........   98%         3    ####...
 Vampiric Draining        Necr           #.........   98%         3    ####...
 Animate Dead             Necr           N/A          100%        4    #####..


Dungeon Overview and Level Annotations

Branches:
Dungeon (10/15)            Temple (1/1) D:4
   Lair: D:8-11         Orc: D:9-12

Altars:
Ashenzari
Cheibriados
Dithmenos
Elyvilon
Fedhas
Gozag
Hepliaklqana
Kikubaaqudgha
Makhleb
Nemelex Xobeh
Okawaru
Qazlal
Ru
Sif Muna
Trog
Uskayaw
Vehumet
Wu Jian
Xom
Yredelemnul
Zin
The Shining One

Shops:
D:6 [

Annotations:
D:4 3 runed doors, tycamorgan's ghost, weakling TeAE
D:8 Psyche


Innate Abilities, Weirdness & Mutations

You cannot be hasted, slowed, berserked, paralysed or teleported.
You can dig through walls and to a lower floor.
Your four strong arms can wield two-handed weapons with a shield.
You have a pair of large antennae on your head. (SInv)


Message History

You feel sick. The ancient zyme closely misses you.
The ancient zyme completely misses you.
You feel ill. The death drake breathes miasma at you.
The foul vapour engulfs the ancient zyme.
The ancient zyme completely resists.
A chorus of shrieks assaults your mind.
* * * LOW HITPOINT WARNING * * *
You are engulfed in dark miasma.
You are lethally poisoned!
* * * LOW HITPOINT WARNING * * *
You feel sick. The ancient zyme completely misses you.
The ancient zyme closely misses you.
You are engulfed in dark miasma.
Your stasis prevents you from being slowed.
* * * LOW HITPOINT WARNING * * *
x2 You feel very sick.
You block the ancient zyme's attack. The ancient zyme closely misses you.
A chorus of shrieks assaults your mind.
You die...
Your body crumbles into a pile of gold.

#..# # ## .#
{# #.#. #.#X
#.#X# #..
#..X. #..##
.
#..#....##X
#.#. #.#.
#X####
#..#..#
X###XX°.#
.#.{
#..{xk5#{..#
### #..
.##x#5{#.#
#..#*###.
##@##..#5#
...# .# .###
..# #..#.##
#.. #.. # ##
.# .. ###


You could see 4 starcursed masses, a death drake, an ancient zyme, a small
abomination and an ufetubus.

Vanquished Creatures
  A worldbinder (Abyss:1)
  A hippogriff (D:9)
  Sigmund (D:5)
  A spriggan (D:9)
  A water moccasin (D:7)
  2 orc warriors
  An ice beast (D:8)
  A sky beast (D:5)
  A necrophage (D:5)
  2 phantoms
  3 ogres
  3 small abominations (Abyss:1)
  3 bullfrogs
  2 scorpions
  7 killer bees
  4 howler monkeys
  2 bullfrog zombies
  2 crimson imps
  A quasit (D:7)
  2 jellies
  Crazy Yiuf (D:3)
  A centaur skeleton (D:7)
  3 hounds
  2 orc priests
  Jessica (D:3)
  5 orc wizards
  An iguana (D:5)
  4 worker ants
  11 adders
  3 shadow imps
  2 oozes
  2 adder skeletons (D:8)
  A worm (D:2)
  5 dart slugs
  5 leopard geckos
  24 orcs
  2 ball pythons
  10 bats
  7 giant cockroaches
  7 goblins
  6 hobgoblins
  15 jackals
  8 kobolds
  4 quokkas
  6 frilled lizards
  A jackal zombie (D:6)
  10 rats
188 creatures vanquished.

Vanquished Creatures (others)
  A wizard (D:4)
  An orc wizard (D:4)
2 creatures vanquished.

Grand Total: 190 creatures vanquished

Notes
Turn   | Place    | Note
-------+----------+-------------------------------------------
     0 | D:1      | tatocazan the Formicid Fighter began the quest for the Orb.
     0 | D:1      | Reached XP level 1. HP: 18/18 MP: 1/1
   339 | D:1      | Reached XP level 2. HP: 20/24 MP: 2/2
   631 | D:1      | Reached XP level 3. HP: 27/29 MP: 3/3
  1498 | D:2      | Reached skill level 4 in Fighting
  1498 | D:2      | Reached XP level 4. HP: 19/37 MP: 4/4
  1744 | D:2      | Reached XP level 5. HP: 40/42 MP: 5/5
  2404 | D:3      | Noticed Jessica
  2420 | D:3      | Reached XP level 6. HP: 48/49 MP: 6/6
  2423 | D:3      | Killed Jessica
  2631 | D:3      | Found a runed door.
  2862 | D:3      | Reached skill level 5 in Fighting
  3024 | D:3      | Noticed Crazy Yiuf
  3035 | D:3      | Killed Crazy Yiuf
  3624 | D:4      | Found a runed gate.
  3624 | D:4      | Found a runed gate.
  3624 | D:4      | Found a runed gate.
  3625 | D:4      | Noticed tycamorgan's ghost (weakling TeAE)
  3758 | D:4      | Found a staircase to the Ecumenical Temple.
  3768 | D:4      | Reached skill level 5 in Shields
  3768 | D:4      | Reached XP level 7. HP: 34/56 MP: 7/7
  4077 | Temple   | Entered the Ecumenical Temple
  4323 | Temple   | Became a worshipper of Gozag Ym Sagoz the Greedy
  4655 | D:4      | Found a bloodstained altar of Trog.
  4712 | D:4      | Noticed a wizard
  4717 | D:4      | Killed a wizard
  4770 | D:5      | Entered Level 5 of the Dungeon
  5024 | D:5      | Noticed Sigmund
  5035 | D:5      | Killed Sigmund
  5035 | D:5      | Reached skill level 6 in Fighting
  5122 | D:5      | Reached skill level 5 in Long Blades
  5122 | D:5      | Reached skill level 5 in Armour
  5122 | D:5      | Reached XP level 8. HP: 53/63 MP: 8/8
  5274 | D:5      | Found a hazy altar of Hepliaklqana.
  5324 | D:5      | Found a snail-covered altar of Cheibriados.
  5876 | D:6      | Found Tyilum's Antique Armour Emporium.
  5991 | D:6      | Reached skill level 7 in Fighting
  6337 | D:7      | Reached XP level 9. HP: 63/71 MP: 9/9
  6487 | D:7      | You fall through a shaft for 3 floors!
  6487 | D:10     | Entered Level 10 of the Dungeon
  6495 | D:10     | Noticed a troll
  6956 | D:9      | Noticed a hippogriff
  6972 | D:9      | Reached skill level 8 in Fighting
  6986 | D:9      | Killed a hippogriff
  7567 | D:8      | You fall through a shaft!
  7988 | D:8      | You fall through a shaft for 2 floors!
  8633 | D:7      | Reached XP level 10. HP: 77/81 MP: 10/10
  8650 | D:7      | Reached skill level 9 in Fighting
 10261 | D:8      | Noticed Psyche
 10264 | D:8      | Cast into level 1 of the Abyss (Psyche)
 10317 | Abyss:1  | Noticed a worldbinder
 10319 | Abyss:1  | Noticed a manticore
 10319 | Abyss:1  | Noticed a merfolk siren
 10321 | Abyss:1  | Noticed a merfolk siren
 10321 | Abyss:1  | Noticed a manticore
 10324 | Abyss:1  | Killed a worldbinder
 10806 | Abyss:1  | Noticed a starcursed mass
 10812 | Abyss:1  | Noticed a wretched star
 10821 | Abyss:1  | Noticed a death drake
 10832 | Abyss:1  | HP: 2/82 [poisoned by a death drake (dark miasma)]
 10832 | Abyss:1  | Killed from afar by a starcursed mass

Vault maps used:
D:1:      denvon_arrival_planthouse, eino_curves_01
D:2:      hangedman_decor_diamond_cutter, wad_floor_pattern_1
D:3:      uniq_jessica, uniq_crazy_yiuf_cottage
D:4:      minmay_temple_entry_sparse_star, ebering_ghost_rock_garden,
          trog_wizard
D:5:      kennysheep_slug_shrine, first_ration, basic_altar,
          kennysheep_flooded_box, bh_walls_and_bars, uniq_sigmund
D:6:      serial_shops, shop
D:7:      grunt_decor_mini_mirrors
D:8:      uniq_psyche
D:10:     zombieorc2_lemuel, hangedman_stone_soup, kennysheep_just_a_vault
Temple:   nicolae_temple_the_god_donut
Abyss:1:  evilmike_abyss_exit_vortex

Skill      XL: |  1  2  3  4  5  6  7  8  9 10 |
---------------+-------------------------------+-----
Shields        | 4 5 6 7 |  7.9
Fighting       | 4 5 6 7 8 9 |  9.7
Long Blades    | 3 4 5 6 7 8 |  8.6
Armour         | 4 5 6 7 |  7.2

Action                   |  1- 3 |  4- 6 |  7- 9 | 10-12 || total
-------------------------+-------+-------+-------+-------++-------
Melee: Long sword        |    96 |   183 |   358 |       ||   637
       Whip              |       |     8 |       |       ||     8
       Great sword       |       |       |    57 |    80 ||   137
 Abil: Dig               |       |     1 |     5 |       ||     6
       Shaft Self        |       |       |     3 |       ||     3
Evoke: Wand              |       |       |     3 |     5 ||     8
  Use: Scroll            |       |     3 |     1 |       ||     4
       Potion            |       |       |     2 |       ||     2
 Stab: Distracted        |       |       |     1 |       ||     1
  Eat: Chunk             |     2 |     6 |       |       ||     8
       Ration            |       |       |     6 |     2 ||     8
Armor: Scale mail        |    40 |    96 |   173 |    46 ||   355
Dodge: Dodged            |    29 |    70 |   126 |    65 ||   290
Block: Shield            |    60 |   116 |   257 |    87 ||   520
       Rpst.: Long sword |     9 |    22 |    30 |       ||    61
       Great sword       |       |       |     6 |    24 ||    30

Table legend:
 A = Non-vault XP
 B = Vault XP
 C = Vault XP percentage of total XP
 D = Non-vault monster count
 E = Vault monster count
 F = Vault count percentage of total count
                 A         B        C        D         E       F
            +---------+---------+-------+---------+---------+-------
      Total |    4978 |     514 |   9.4 |     184 |       5 |   2.6
            +---------+---------+-------+---------+---------+-------
        D:1 |      59 |       0 |   0.0 |      31 |       0 |   0.0
        D:2 |     177 |       0 |   0.0 |      26 |       0 |   0.0
        D:3 |     129 |      79 |  38.0 |      25 |       2 |   7.4
        D:4 |     223 |       0 |   0.0 |      19 |       0 |   0.0
        D:5 |     503 |     224 |  30.8 |      10 |       2 |  16.7
        D:6 |     489 |       0 |   0.0 |      12 |       0 |   0.0
        D:7 |    1286 |       0 |   0.0 |      25 |       0 |   0.0
        D:8 |     493 |       0 |   0.0 |      14 |       0 |   0.0
        D:9 |     622 |     211 |  25.3 |      15 |       1 |   6.2
       D:10 |     159 |       0 |   0.0 |       3 |       0 |   0.0
    Abyss:1 |     838 |       0 |   0.0 |       4 |       0 |   0.0
            +---------+---------+-------+---------+---------+-------
